Map: Pillars of Gold LE

Players

bigdaddy

  • Race: Protoss Protoss
  • League: Silver
  • Spawn Location: 7:00

ViBE - Winner!

  • Race: Zerg Zerg
  • League: Bronze
  • Spawn Location: 1:00

VOD

https://www.youtube.com/watch?v=VjhJ7E-kFgw&list=PLFeZeom2b4DnD3FIu7pzkXl51JX_WWz2h&index=2

Description

Time

  • Played on: March 10, 2021, 10:45 p.m.
  • Length: 11:57
Show
View Real Time Build Order
Export as new Build Order

bigdaddy Protoss 

Build Orders:  

Get SALT Encoding   

  12  0:31  Pylon  
  12  0:35  Assimilator  
  12  0:40  Assimilator  
  12  0:58  Gateway  
  12  1:01  Forge  
  12  1:21  Probe (Chrono Boost)  
  13  1:31  Probe (Chrono Boost)  
  14  1:36  Probe (Chrono Boost)  
  15  1:52  Cybernetics Core  
  15  1:56  Pylon  
  15  1:58  Pylon  
  15  2:03  Zealot (Chrono Boost)  
  17  2:21  Zealot (Chrono Boost)  
  19  2:42  Probe  
  20  2:48  Stalker  
  22  2:55  Probe  
  23  3:07  Probe (Chrono Boost)  
  24  3:18  Stalker  
  24  3:19  Probe (Chrono Boost)  
  27  3:28  Probe (Chrono Boost)  
  27  3:29  Pylon  
  27  3:33  Pylon, Probe  
  29  3:45  Probe  
  30  3:53  Pylon  
  30  3:55  Pylon  
  30  3:57  Probe  
  31  4:26  Stargate  
  31  4:29  Stargate  
  31  4:31  Stargate  
  31  5:17  Nexus  
  31  5:19  Assimilator  
  31  5:23  Assimilator  
  31  5:28  Pylon  
  31  5:30  Pylon  
  31  5:33  Probe (Chrono Boost)  
  31  5:34  Pylon  
  32  5:37  Pylon  
  32  5:44  Probe (Chrono Boost)  
  32  5:49  Probe (Chrono Boost)  
  33  5:55  Void Ray  
  34  5:59  Probe  
  39  6:05  Void Ray  
  39  6:12  Probe  
  44  6:20  Void Ray  
  49  6:40  Probe x2  
  50  6:52  Probe x2  
  52  7:04  Probe x2  
  54  7:16  Probe x2  
  56  7:25  Void Ray  
  56  7:28  Probe x2  
  58  7:33  Void Ray  
  62  7:40  Probe x2  
  62  7:42  Void Ray  
  72  7:52  Probe x2  
  74  8:02  Void Ray  
  74  8:04  Probe x2  
  76  8:10  Void Ray  
  80  8:19  Void Ray  
  88  8:39  Void Ray  
  88  8:47  Void Ray  
  96  8:56  Void Ray  
  100  9:13  Pylon  
  100  9:15  Pylon  
  100  9:17  Void Ray  
  104  9:24  Void Ray  
  108  9:33  Void Ray  
  112  9:50  Nexus  
  112  9:52  Assimilator  
  112  9:57  Assimilator  
  112  10:01  Pylon  
  112  10:03  Pylon  
  112  10:08  Pylon  
  112  10:12  Pylon  
  112  10:14  Void Ray x3  
  112  10:17  Pylon  
  112  10:20  Pylon  
  124  10:24  Pylon  
  124  10:27  Pylon  
  124  10:30  Pylon  
  114  11:14  Twilight Council  
  114  11:15  Fleet Beacon  
Show
View Real Time Build Order
Export as new Build Order

ViBE Zerg - Winner!

Build Orders: Hatch First 

Get SALT Encoding   

  12  0:01  Drone  
  13  0:18  Overlord  
  13  0:23  Drone  
  14  0:41  Drone x3  
  17  1:01  Drone  
  18  1:10  Hatchery  
  17  1:16  Drone x2  
  19  1:28  Spawning Pool  
  19  1:30  Drone  
  19  1:41  Drone  
  19  1:43  Extractor  
  19  1:52  Drone  
  20  2:13  Overlord  
  21  2:15  Drone  
  21  2:21  Queen  
  21  2:22  Queen  
  23  2:23  Drone  
  23  2:24  Drone  
  27  2:42  Overlord  
  27  2:45  Drone x3  
  30  2:56  Drone x2  
  32  2:59  Lair  
  32  3:02  Queen  
  32  3:05  Drone x2  
  36  3:14  Overlord  
  36  3:33  Drone x6  
  36  3:34  Drone x3  
  45  3:40  Roach Warren  
  44  3:42  Evolution Chamber  
  44  3:43  Evolution Chamber  
  42  3:57  Overlord  
  42  4:00  Drone x4  
  46  4:04  Extractor  
  46  4:05  Extractor  
  44  4:14  Drone x7  
  51  4:26  Hatchery  
  51  4:31  Glial Reconstitution  
  50  4:32  Zerg Missile Weapons Level 1  
  50  4:36  Roach x4  
  58  4:41  Queen  
  58  4:44  Overlord x2  
  60  5:00  Overlord  
  60  5:01  Overlord x3  
  60  5:08  Roach x2  
  60  5:10  Drone x2  
  66  5:23  Drone  
  66  5:24  Drone x2  
  69  5:34  Drone x6  
  75  5:56  Drone x5  
  75  5:57  Drone  
  81  6:05  Extractor  
  81  6:06  Extractor  
  81  6:09  Drone x9  
  88  6:19  Hydralisk Den  
  88  6:20  Extractor  
  86  6:26  Hatchery  
  86  6:28  Zerg Missile Weapons Level 2  
  86  6:29  Zerg Ground Armor Level 1  
  85  6:54  Drone  
  85  6:55  Grooved Spines  
  85  6:57  Overlord x5  
  86  7:01  Hydralisk x5  
  86  7:02  Hydralisk x7  
  110  7:27  Overlord x2  
  110  7:29  Hydralisk  
  110  7:30  Hydralisk x4  
  110  7:35  Drone x5  
  125  7:50  Drone  
  125  7:51  Drone x10  
  136  7:54  Drone  
  136  7:55  Drone  
  138  7:58  Infestation Pit  
  137  8:07  Muscular Augments  
  137  8:10  Extractor x2  
  135  8:27  Hatchery  
  134  8:47  Drone x2  
  134  8:48  Drone x2  
  138  8:49  Drone  
  138  8:50  Hydralisk x2  
  138  8:51  Hydralisk x14  
  171  9:05  Hive  
  171  9:10  Overlord  
  171  9:11  Overlord x5  
  171  9:12  Overlord  
  171  10:13  Hydralisk  
  171  10:14  Hydralisk x13  
  183  11:17  Hydralisk  
  183  11:18  Hydralisk x15  
  171  11:19  Hydralisk  
  171  11:21  Hydralisk  
  171  11:22  Hydralisk  
Tags
 
Matchup
PvZ
Player
ViBE
Replay Pack
Bronze_League
Spawn Locations
Cross Positions
Add a new tag
Caveats
  • Supply blocks, unpowered buildings, or Contaminate may cause inaccurate times.
  • Supply counts are checked every 10 seconds.